 Dungeon Crawl Stone Soup version 0.25.1-8-g42b30a86e7 (webtiles) character file.

Game seed: 7759732223992650111

140899 DearestLeader the Gelid (level 17, -32/103 HPs)
             Began as a Gargoyle Ice Elementalist on Dec 11, 2020.
             Was a High Priest of Vehumet.
             Annihilated by a six-headed hydra simulacrum (36 damage)
             ... on level 4 of the Swamp on Dec 12, 2020.
             The game lasted 01:30:19 (36159 turns).

DearestLeader the Gelid (GrIE)                     Turns: 36159, Time: 01:30:19

Health: -32/103    AC: 24    Str: 13    XL:     17   Next: 31%
Magic:  41/41      EV: 20    Int: 22    God:    Vehumet [*****.]
Gold:   2457       SH:  4    Dex: 10    Spells: 11/38 levels left

rFire    . . .     SeeInvis +   o - staff of energy
rCold    . . .     Gourm    .   W - +0 buckler
rNeg     + + .     Faith    .   S - +2 robe {rN+}
rPois    ∞         Spirit   .   P - +2 helmet
rElec    +         Reflect  .   g - +1 cloak
rCorr    .         Harm     .   I - +0 pair of gloves
MR       +++..                  s - +1 pair of boots
Stlth    ++........             R - amulet of magic regeneration
HPRegen  0.27/turn              q - ring of magical power
MPRegen  0.52/turn              M - ring "Vith" {MR++ EV+4 SInv}

@: about to teleport, flying, very slightly contaminated
A: big wings, negative energy resistance 1, electricity resistance, unbreathing,
petrification resistance, rot immunity, AC +12
a: Stop Flying, Renounce Religion


You were on level 4 of the Swamp.
You worshipped Vehumet.
Vehumet was extremely pleased with you.
You were not hungry.

You visited 4 branches of the dungeon, and saw 27 of its levels.
You also visited: Gauntlet.

You collected 2936 gold pieces.
You spent 479 gold pieces at shops.

Inventory:

Hand Weapons
 Z - the +7 captain's cutlass {speed, disarm}
   (You took it off a minotaur in a Gauntlet)

   Attacks with this weapon are significantly faster.
Armour
 g - a +1 cloak (worn)
 s - a +1 pair of boots (worn)
 I - a +0 pair of gloves (worn)
 P - a +2 helmet (worn)
 S - a +2 robe of positive energy (worn)
 W - a +0 buckler (worn)
Magical Staves
 o - an uncursed staff of energy (weapon)
Jewellery
 a - an uncursed ring of protection from cold
 h - an uncursed ring of resist corrosion
 p - a +6 ring of intelligence
 q - a ring of magical power (left hand)
 u - an uncursed ring of protection from magic
 M - the ring "Vith" (right hand) {MR++ EV+4 SInv}
   (You found it on level 10 of the Dungeon)

   [ring of evasion]

   It affects your evasion (+4).
   It affects your resistance to hostile enchantments.
   It lets you see invisible.
 R - an amulet of magic regeneration (around neck)
Wands
 t - a wand of random effects (88)
 w - a wand of clouds (16)
 y - a wand of polymorph (33)
 E - a wand of disintegration (15)
 H - a wand of acid (22)
 K - a wand of iceblast (32)
 N - a wand of paralysis (21)
 T - a wand of enslavement (17)
 Y - a wand of digging (7)
Scrolls
 b - 3 scrolls of enchant armour
 d - 2 scrolls of blinking
 f - 15 scrolls of remove curse
 j - 2 scrolls of fear
 A - 7 scrolls of amnesia
 C - a scroll of holy word
 D - 6 scrolls of teleportation
 F - 4 scrolls of fog
 G - 4 scrolls of magic mapping
 L - 2 scrolls of summoning
 Q - 3 scrolls of enchant weapon
 X - a scroll of brand weapon
Potions
 e - a potion of mutation
 i - 7 potions of heal wounds
 k - 3 potions of might
 l - 4 potions of invisibility
 m - 2 potions of magic
 n - 13 potions of curing
 r - 8 potions of berserk rage
 v - 2 potions of haste
 x - 2 potions of ambrosia
 z - 6 potions of resistance
 B - 5 potions of brilliance
 O - 2 potions of stabbing
 V - 2 potions of cancellation
Comestibles
 c - 42 rations
 J - 8 chunks of flesh


   Skills:
 + Level 10.4 Fighting
 * Level 7.3 Short Blades
 + Level 9.1 Dodging
 - Level 2.1 Stealth
 - Level 4.0 Shields
 + Level 11.2 Spellcasting
 * Level 14.7 Conjurations
 - Level 2.2 Summonings
 + Level 18.0 Ice Magic


You had 11 spell levels left.
You knew the following spells:

 Your Spells              Type           Power        Failure   Level  Hunger
a - Freeze                Ice            ####         0%          1    None
b - Frozen Ramparts       Ice            ######       0%          3    None
c - Summon Ice Beast      Ice/Summ       ######..     1%          4    None
d - Ozocubu's Refrigerat  Ice            #######...   1%          6    None
e - Hailstorm             Conj/Ice       ######..     1%          4    None
f - Sticky Flame          Conj/Fire      #####...     1%          4    None
g - Iskenderun's Battles  Conj/Chrm      #####...     1%          5    None

Your spell library contained the following spells:

 Spells                   Type           Power        Failure   Level  Hunger
 Conjure Ball Lightning   Conj/Air       #####.....   11%         6    None
 Ozocubu's Armour         Chrm/Ice       ######..     1%          3    None
 Static Discharge         Conj/Air       #####...     1%          3    None
 Ice Form                 Ice/Tmut       ######..     1%          4    None
 Fireball                 Conj/Fire      #####.....   1%          5    None
 Lightning Bolt           Conj/Air       #####.....   1%          5    None
 Summon Butterflies       Summ           ###.....     2%          1    None
 Freezing Cloud           Conj/Ice/Air   ######....   2%          6    None
 Metabolic Englaciation   Hex/Ice        ######....   3%          5    None
 Ignite Poison            Fire/Tmut/Pois ##......     4%          3    None
 Animate Skeleton         Necr           N/A          5%          1    None
 Apportation              Tloc           ##....       5%          1    None
 Beastly Appendage        Tmut           ##....       5%          1    None
 Pain                     Necr           ##..         5%          1    None
 Sting                    Tmut/Pois      ##..         5%          1    None
 Call Canine Familiar     Summ           ###.....     6%          3    None
 Shroud of Golubria       Chrm/Tloc      ##....       9%          2    None
 Sticks to Snakes         Tmut           ##......     9%          2    None
 Starburst                Conj/Fire      #####.....   11%         6    None
 Lesser Beckoning         Tloc           ##........   16%         3    None
 Spider Form              Tmut/Pois      ##........   16%         3    None
 Teleport Other           Tloc           ##......     16%         3    None
 Vampiric Draining        Necr           ##........   16%         3    None
 Simulacrum               Ice/Necr       ######....   21%         6    None
 Yara's Violent Unravell  Hex/Tmut       ##........   36%         5    None
 Animate Dead             Necr           N/A          47%         4    None
 Cause Fear               Hex            ##........   47%         4    None
 Passage of Golubria      Tloc           N/A          47%         4    None
 Summon Mana Viper        Hex/Summ       ###.....     67%         5    None
 Agony                    Necr           ##......     83%         5    None
 Blade Hands              Tmut           ##........   83%         5    None
 Silence                  Hex/Air        ##........   83%         5    None
 Ring of Flames           Chrm/Fire      ##........   100%        7    None
 Summon Hydra             Summ           ###.......   100%        7    None
 Discord                  Hex            ##........   100%        8    None
 Ignition                 Fire           ##........   100%        8    None
 Shatter                  Erth           ##........   100%        9    None
 Tornado                  Air            ##........   100%        9    None


Dungeon Overview and Level Annotations

Branches:
Dungeon (15/15)            Temple (0/1) D:5            Lair (6/6) D:9
  Swamp (4/4) Lair:3        Snake (0/4) Lair:3        Slime (0/5) Lair:5
    Orc (2/2) D:11            Elf (0/3) Orc:2        Vaults (0/5) D:13
 Depths (0/5) D:15        Gauntlet (visited)

Altars:
Ashenzari
Cheibriados
Elyvilon
Gozag
Hepliaklqana
Kikubaaqudgha
Nemelex Xobeh
Okawaru
Qazlal
Sif Muna
Trog
Vehumet
Yredelemnul
The Shining One
Beogh

Shops:
D:4 }(   D:9 (   D:11 [?[*   D:12 }   Orc:2 }}=:

Annotations:
D:12 exclusion: ice statue
D:13 3 runed translucent doors
D:14 3 runed translucent doors


Innate Abilities, Weirdness & Mutations

You are resistant to torment.
Your stone body is resilient. (AC +12)
You are immune to poison.
Your large and strong wings let you fly indefinitely.
You resist negative energy. (rN+)
You are resistant to electric shocks. (rElec)
You can survive without breathing.
You are immune to petrification.
You are immune to rotting.


Message History

The six-headed hydra simulacrum misses you. x2
The six-headed hydra simulacrum barely misses you.
You block the six-headed hydra simulacrum's attack.
The six-headed hydra simulacrum bites you but does no damage. x2
As you read the scroll of teleportation, it crumbles to dust.
You feel strangely unstable.
The four-headed hydra simulacrum bites you but does no damage.
The four-headed hydra simulacrum misses you.
The four-headed hydra simulacrum completely misses you.
The four-headed hydra simulacrum bites you but does no damage.
You block the six-headed hydra simulacrum's attack.
The six-headed hydra simulacrum bites you!
The six-headed hydra simulacrum freezes you!!
* * * LOW HITPOINT WARNING * * *
The six-headed hydra simulacrum misses you.
You block the six-headed hydra simulacrum's attack.
The six-headed hydra simulacrum bites you!
* * * LOW HITPOINT WARNING * * *
The six-headed hydra simulacrum freezes you!!!
You die...

##nZ#
#..n##
###Z.#
##..##
#..♣#
#..#
#..#
#.Z##
##@Z#
##ZZ#
♣.#


DfZ Z°° Z°.☼≈ °○°. °○§° You could see a thorn hunter, an ice dragon, a bog body,
3 eight-headed hydra simulacra, a seven-headed hydra simulacrum, 3 six-headed
hydra simulacra and a four-headed hydra simulacrum.

Vanquished Creatures
  Gastronok (Lair:2)
  3 thorn hunters
  Louise (D:14)
  A stone giant (Orc:1)
  A dire elephant (Lair:6)
  An ettin (Orc:2)
  A minotaur (Gauntlet)
  7 hydras
  2 shambling mangroves
  A ghost crab (Swamp:1)
  A catoblepas (Lair:6)
  A death knight (D:15)
  4 two-headed ogres
  7 centaur warriors
  3 ogre magi
  6 death yaks (Lair:6)
  3 tengu warriors
  12 alligators
  A deep troll shaman (Lair:6)
  3 orc high priests (Orc:2)
  Sonja (D:10)
  2 sixfirhies (Gauntlet)
  4 unseen horrors
  A deep troll (D:15)
  3 swamp dragons
  9 orc knights
  A spriggan druid (Swamp:2)
  An orange crystal statue (D:14)
  A phantasmal warrior (D:15)
  A wolf spider zombie (D:14)
  A necromancer (D:14)
  13 ugly things
  17 cyclopes
  5 orc sorcerers
  3 oklob plants (Lair:6)
  2 deep elf magi
  A wolf spider (D:15)
  A worldbinder (Gauntlet)
  18 elephants
  A manticore (D:15)
  5 black mambas
  A centaur zombie (D:15)
  3 gargoyles
  A kobold demonologist (D:11)
  10 spiny frogs
  3 minotaur zombies (Gauntlet)
  An efreet (D:12)
  8 komodo dragons
  2 freezing wraiths
  A yaktaur (D:15)
  2 redback zombies
  2 tengu conjurers (Gauntlet)
  2 polar bears (Lair:6)
  10 hornets
  6 trolls
  A jumping spider (shapeshifter) (D:14)
  10 tyrant leeches
  A wolf spider simulacrum (D:14)
  17 slime creatures
  20 blink frogs
  6 hippogriffs
  13 dream sheep
  2 centaur simulacra
  3 bog bodies
  4 shadows
  5 spriggans
  2 wraiths
  19 humans
  2 wyverns
  25 yaks
  2 basilisks
  29 vampire mosquitoes
  A redback simulacrum (D:14)
  A harpy simulacrum (D:14)
  4 nagas (Lair:3)
  10 insubstantial wisps
  10 swamp worms
  5 wargs
  A soldier ant (D:15)
  A swamp worm (shapeshifter) (D:15)
  14 water moccasins
  3 swamp drakes
  24 orc warriors
  7 porcupines
  3 ice beasts
  2 black bears
  6 sky beasts
  2 boggarts (Gauntlet)
  16 centaurs
  18 ogres
  A phantom (D:3)
  2 necrophages
  29 wolves
  8 crocodiles
  6 big kobolds
  4 bullfrogs
  A gnoll sergeant (D:12)
  2 hornet simulacra (Gauntlet)
  2 wyvern skeletons
  6 scorpions
  6 wights
  7 killer bees (D:8)
  4 howler monkeys
  3 electric eels
  5 crimson imps
  3 bullfrog zombies
  3 quasits
  A water moccasin simulacrum (Gauntlet)
  9 jellies
  3 human zombies (D:10)
  15 orc priests
  3 bullfrog skeletons
  6 hounds
  2 human skeletons (D:10)
  5 centaur skeletons
  6 hell rats (Lair:4)
  5 iguanas
  31 orc wizards
  Ijyb (D:4)
  5 worker ants
  An ogre zombie (D:10)
  A hound skeleton (D:8)
  2 mummies (D:10)
  8 gnolls
  10 adders
  9 river rats (Lair:4)
  3 shadow imps
  An ooze (D:2)
  4 adder zombies
  An adder skeleton (D:6)
  A worm (D:3)
  6 leopard geckos
  96 orcs
  A ball python (D:1)
  14 bats
  7 giant cockroaches
  7 goblins
  8 hobgoblins
  4 jackals (D:8)
  10 quokkas
  2 frilled lizards (D:2)
  19 kobolds
  An orc zombie (D:10)
  A quokka skeleton (D:4)
  14 rats
  9 briar patches
  2 bushes (Lair:6)
  20 fungi
  51 plants
989 creatures vanquished.

Vanquished Creatures (collateral kills)
  2 hydras
  A bog body (Swamp:3)
  4 blink frogs
  A hungry ghost (D:8)
  An insubstantial wisp (Swamp:3)
  A swamp worm (Swamp:3)
  An ice beast (D:5)
  2 phantoms
  A hound skeleton (D:8)
  An orc (D:8)
15 creatures vanquished.

Vanquished Creatures (others)
  An adder (D:6)
  4 fungi
  8 plants
13 creatures vanquished.

Grand Total: 1017 creatures vanquished

Notes
Turn   | Place    | Note
-------+----------+-------------------------------------------
     0 | D:1      | DearestLeader the Gargoyle Ice Elementalist began the quest
                  | for the Orb.
     0 | D:1      | Reached XP level 1. HP: 10/10 MP: 3/3
   343 | D:1      | Reached XP level 2. HP: 15/15 MP: 3/5
   710 | D:1      | Reached skill level 5 in Ice Magic
   710 | D:1      | Reached XP level 3. HP: 12/19 MP: 2/6
   715 | D:1      | Learned a level 3 spell: Frozen Ramparts
  1750 | D:2      | Reached XP level 4. HP: 24/24 MP: 4/7
  2670 | D:3      | Reached skill level 6 in Ice Magic
  2846 | D:4      | Reached XP level 5. HP: 24/28 MP: 3/8
  3001 | D:4      | Noticed an ogre
  3016 | D:4      | Killed an ogre
  3016 | D:4      | Reached skill level 7 in Ice Magic
  3016 | D:4      | Reached XP level 6. HP: 19/32 MP: 5/9
  3209 | D:4      | Found Wil Joeschizo's Gadget Emporium.
  3278 | D:4      | Found Puirezeg's Weapon Boutique.
  3311 | D:4      | Noticed Ijyb
  3326 | D:4      | Killed Ijyb
  3436 | D:4      | Noticed a phantom
  3925 | D:3      | Killed a phantom
  3925 | D:3      | Reached skill level 8 in Ice Magic
  4272 | D:4      | Reached XP level 7. HP: 36/36 MP: 6/10
  4342 | D:4      | Found a basalt altar of Yredelemnul.
  4344 | D:4      | Found an opulent altar of Gozag.
  4344 | D:4      | Found an iron altar of Okawaru.
  4344 | D:4      | Found a sparkling altar of Nemelex Xobeh.
  4345 | D:4      | Found a hazy altar of Hepliaklqana.
  4345 | D:4      | Found a stormy altar of Qazlal.
  4345 | D:4      | Found a shattered altar of Ashenzari.
  4540 | D:4      | Found a radiant altar of Vehumet.
  4540 | D:4      | Found a bloodstained altar of Trog.
  4544 | D:4      | Became a worshipper of Vehumet
  4662 | D:5      | Entered Level 5 of the Dungeon
  4675 | D:5      | Found a shimmering blue altar of Sif Muna.
  4691 | D:5      | Learned a level 4 spell: Summon Ice Beast
  4802 | D:5      | Reached skill level 9 in Ice Magic
  5200 | D:5      | Reached XP level 8. HP: 42/42 MP: 7/11
  5359 | D:5      | Found a staircase to the Ecumenical Temple.
  5367 | D:5      | Reached skill level 1 in Fighting
  5826 | D:6      | Reached skill level 1 in Summonings
  6070 | D:6      | Reached skill level 10 in Ice Magic
  7032 | D:6      | Found a white marble altar of Elyvilon.
  7286 | D:7      | Noticed a hippogriff
  7297 | D:7      | Killed a hippogriff
  7297 | D:7      | Reached XP level 9. HP: 40/52 MP: 7/12
  7585 | D:7      | Reached * piety under Vehumet
  7585 | D:7      | Offered knowledge of Magic Dart by Vehumet.
  7956 | D:8      | Reached skill level 11 in Ice Magic
  8525 | D:8      | Offered knowledge of Sandblast by Vehumet.
  8528 | D:8      | Reached ** piety under Vehumet
  8754 | D:8      | Reached skill level 5 in Fighting
  8805 | D:8      | Reached XP level 10. HP: 40/59 MP: 16/16
  8925 | D:8      | Got a pair of heavily runed gloves
  8930 | D:8      | Identified the cursed -6 pair of gloves "Tuwahipy" {rF+}
                  | (You found it on level 8 of the Dungeon)
  8966 | D:8      | Reached skill level 12 in Ice Magic
  9100 | D:8      | You fall into a shaft and drop 1 floor!
  9159 | D:9      | Noticed a two-headed ogre
  9173 | D:9      | Killed a two-headed ogre
  9173 | D:9      | Reached skill level 5 in Spellcasting
  9303 | D:9      | Found a staircase to the Lair.
  9440 | D:8      | Offered knowledge of Ignite Poison by Vehumet.
  9456 | D:8      | Learned a level 6 spell: Ozocubu's Refrigeration
  9974 | D:9      | Reached *** piety under Vehumet
  9974 | D:9      | Reached skill level 13 in Ice Magic
 10139 | D:9      | Noticed a three-headed hydra
 10147 | D:9      | Killed a three-headed hydra
 10147 | D:9      | Reached XP level 11. HP: 52/63 MP: 20/20
 10247 | D:9      | Found Loaggo's Antique Weapon Shoppe.
 10272 | D:9      | Bought a steaming whip for 180 gold pieces
 10272 | D:9      | Identified the +9 whip "Zoozoari" {speed, Fragile rElec MR-
                  | Str+7} (You bought it in a shop on level 9 of the Dungeon)
 10543 | Lair:1   | Entered Level 1 of the Lair of Beasts
 10591 | Lair:1   | Learned a level 4 spell: Hailstorm
 10728 | Lair:1   | Reached skill level 1 in Conjurations
 10728 | Lair:1   | Reached skill level 14 in Ice Magic
 11014 | Lair:1   | Offered knowledge of Conjure Flame by Vehumet.
 12377 | Lair:2   | Noticed Gastronok
 12391 | Lair:2   | Killed Gastronok
 12391 | Lair:2   | Reached **** piety under Vehumet
 12391 | Lair:2   | Reached skill level 5 in Conjurations
 12718 | Lair:3   | Noticed a five-headed hydra
 12725 | Lair:3   | Killed a five-headed hydra
 12725 | Lair:3   | Reached XP level 12. HP: 67/68 MP: 10/23
 12882 | Lair:3   | Found a staircase to the Swamp.
 13037 | Lair:3   | Found a staircase to the Snake Pit.
 13518 | Lair:4   | Noticed a four-headed hydra
 13531 | Lair:4   | Killed a four-headed hydra
 13815 | Lair:4   | Noticed a five-headed hydra
 13820 | Lair:4   | Offered knowledge of Airstrike by Vehumet.
 13827 | Lair:4   | Killed a five-headed hydra
 13875 | Lair:4   | Reached skill level 5 in Dodging
 13875 | Lair:4   | Reached skill level 15 in Ice Magic
 14233 | Lair:4   | Noticed a four-headed hydra
 14243 | Lair:4   | Killed a four-headed hydra
 15067 | Lair:5   | Noticed a five-headed hydra
 15089 | Lair:5   | Killed a five-headed hydra
 15294 | Lair:5   | Identified Uqegh's Grimoire of Envenoming and the Compass
 15458 | Lair:5   | Reached XP level 13. HP: 58/72 MP: 25/25
 15559 | Lair:5   | Reached ***** piety under Vehumet
 15608 | Lair:5   | Offered knowledge of Olgreb's Toxic Radiance by Vehumet.
 16279 | Lair:5   | Found a staircase to the Slime Pits.
 16713 | Lair:6   | Entered Level 6 of the Lair of Beasts
 16951 | Lair:6   | Reached skill level 16 in Ice Magic
 17209 | Lair:6   | Reached skill level 10 in Conjurations
 17638 | Lair:6   | Gained mutation: Your large and strong wings let you fly
                  | indefinitely. [Gargoyle growth]
 17638 | Lair:6   | Reached XP level 14. HP: 80/80 MP: 13/27
 17894 | Lair:6   | Noticed a dire elephant
 17918 | Lair:6   | Killed a dire elephant
 18680 | D:10     | Entered Level 10 of the Dungeon
 18720 | D:10     | Offered knowledge of Sticky Flame by Vehumet.
 18880 | D:10     | Found an ancient bone altar of Kikubaaqudgha.
 18993 | D:9      | Bought a blackened dagger for 168 gold pieces
 18995 | D:9      | Identified the +6 dagger of Massacring {vorpal, *Noise rN+
                  | Str+9} (You bought it in a shop on level 9 of the Dungeon)
 19239 | D:10     | Noticed Sonja
 19246 | D:10     | Killed Sonja
 19338 | D:10     | Found a glowing golden altar of the Shining One.
 19407 | D:10     | Got an ancient tin ring
 19409 | D:10     | Identified the ring "Vith" {MR++ EV+4 SInv} (You found it
                  | on level 10 of the Dungeon)
 19627 | D:11     | Found Nura's Magic Scroll Shoppe.
 19697 | D:11     | Found Weashroqu's Antique Armour Boutique.
 19793 | D:11     | Found a gate leading to a gauntlet.
 19835 | Gauntlet | Entered a Gauntlet
 19835 | Gauntlet | Found a transporter.
 19835 | Gauntlet | Found a runed translucent door.
 20051 | Gauntlet | Found a runed translucent door.
 20058 | Gauntlet | Found a transporter.
 20061 | Gauntlet | Found a transporter.
 20062 | Gauntlet | Found a transporter.
 20069 | Gauntlet | Found a runed translucent door.
 20072 | Gauntlet | Found a transporter.
 20073 | Gauntlet | Found a transporter.
 20074 | Gauntlet | Found a transporter.
 20080 | Gauntlet | Found a runed translucent gate.
 20080 | Gauntlet | Found a runed translucent gate.
 20082 | Gauntlet | Found a transporter.
 20085 | Gauntlet | Found a transporter.
 20086 | Gauntlet | Found a transporter.
 20094 | Gauntlet | Found a runed translucent gate.
 20097 | Gauntlet | Found a transporter.
 20097 | Gauntlet | Found a transporter.
 20098 | Gauntlet | Found a transporter.
 20106 | Gauntlet | Found a transporter.
 20401 | Gauntlet | Learned a level 4 spell: Sticky Flame
 21170 | D:11     | Found Xysadyiz's Antique Armour Emporium.
 21176 | D:11     | Bought a glowing robe for 92 gold pieces
 21192 | D:11     | Found Mobeimiwyfa's General Store.
 21348 | D:11     | Found a staircase to the Orcish Mines.
 21394 | D:11     | Bought a scroll of teleportation for 39 gold pieces
 22403 | Orc:1    | Entered Level 1 of the Orcish Mines
 22461 | Orc:1    | Found a roughly hewn altar of Beogh.
 22515 | Orc:1    | Reached skill level 1 in Shields
 22710 | Orc:1    | You fall into a shaft and drop 1 floor!
 22710 | Orc:2    | Entered Level 2 of the Orcish Mines
 22782 | Orc:2    | Offered knowledge of Iskenderun's Battlesphere by Vehumet.
 22812 | Orc:2    | Learned a level 5 spell: Iskenderun's Battlesphere
 23264 | Orc:2    | Reached skill level 17 in Ice Magic
 23266 | Orc:2    | Reached skill level 10 in Spellcasting
 23266 | Orc:2    | Reached XP level 15. HP: 66/88 MP: 10/29
 23698 | Orc:2    | Found a staircase to the Elven Halls.
 23754 | Orc:2    | Found Vosian's Book Shop.
 23754 | Orc:2    | Found Muc Tale's Jewellery Emporium.
 23757 | Orc:2    | Found Qiblet's Gadget Shop.
 23757 | Orc:2    | Found Pettewna's Gadget Emporium.
 24840 | Orc:1    | Offered knowledge of Orb of Destruction by Vehumet.
 25214 | D:12     | Found a white marble altar of Elyvilon.
 25407 | D:12     | Reached skill level 1 in Short Blades
 25902 | D:12     | Found Hiod's Gadget Boutique.
 26799 | D:13     | Found a gate to the Vaults.
 27390 | D:13     | Found a runed translucent gate.
 27390 | D:13     | Found a runed translucent gate.
 27390 | D:13     | Found a runed translucent gate.
 28032 | D:14     | Found a snail-covered altar of Cheibriados.
 28043 | D:14     | Offered knowledge of Spellforged Servitor by Vehumet.
 28081 | D:14     | Noticed Louise
 28140 | D:14     | Killed Louise
 28360 | D:14     | Reached XP level 16. HP: 96/96 MP: 13/30
 29258 | D:14     | Found a runed translucent door.
 29266 | D:14     | Found a runed translucent door.
 29279 | D:14     | Found a runed translucent door.
 29301 | D:14     | Found a runed translucent door.
 29883 | D:15     | Entered Level 15 of the Dungeon
 30862 | D:15     | Found a staircase to the Depths.
 30869 | D:15     | Reached skill level 5 in Short Blades
 31030 | D:15     | Offered knowledge of Bolt of Magma by Vehumet.
 31960 | Swamp:1  | Entered Level 1 of the Swamp
 33071 | Swamp:1  | Noticed a thorn hunter
 33075 | Swamp:1  | Killed a thorn hunter
 33455 | Swamp:2  | Noticed a thorn hunter
 33459 | Swamp:2  | Killed a thorn hunter
 33483 | Swamp:2  | Reached skill level 10 in Fighting
 33554 | Swamp:2  | Offered knowledge of Conjure Ball Lightning by Vehumet.
 34061 | Swamp:2  | Reached XP level 17. HP: 51/102 MP: 19/32
 35285 | Swamp:3  | Identified a scroll of acquirement
 35286 | Swamp:3  | Acquired an uncursed staff of energy
 35433 | Swamp:3  | Reached skill level 18 in Ice Magic
 35991 | Swamp:4  | Entered Level 4 of the Swamp
 36159 | Swamp:4  | HP: 4/103 [six-headed hydra simulacrum (10)]
 36159 | Swamp:4  | Annihilated by a six-headed hydra simulacrum

Illustrated notes

Levels and vault maps discovered:
D:1:      dpeg_arrival_lava_temple_mockup, layout_basic, minivault_14
D:2:      layout_rooms
D:3:      layout_basic
D:4:      layout_basic, grunt_temple_overflow_open,
          gammafunk_temple_overflow_wave, first_ration, serial_shops, shop,
          nicolae_shop_stone, chequers_hall_statues_corner_a, uniq_ijyb
D:5:      layout_loops_ring, lemuel_crystal_altar, minmay_temple_entry_arrows
D:6:      layout_basic, overflow_temple_1_default, serial_bayou,
          serial_bayou_shore_a, serial_bayou_shore_b, serial_bayou_pond_b,
          serial_bayou_crossing, nrook_mini_backslash,
          corexii_item_surrounded_by_moat, minmay_misc_feat_five
D:7:      layout_loops_ring
D:8:      layout_basic, minmay_ruffians
D:9:      layout_basic, erik_lair_orcish_takeover, serial_shops,
          nicolae_shop_overgrown_old_shop, hangedman_ranch
          [blue_anna_fruit_fields]
D:10:     layout_roguey, basic_altar, lemuel_mausoleum_altar_kikubaaqudgha,
          uniq_sonja
D:11:     layout_layer_cave, orc_0_dummy, gauntlet_entry_generic, serial_shops,
          nicolae_shop_crystal, nicolae_shop_trees, shop_fountains, shop
D:12:     minmay_statue_hallways, layout_basic, serial_shops, kennysheep_mini,
          basic_altar, hangedman_decor_slide_cut
D:13:     layout_loops_ring, david_vaults_3,
          ploomutoo_gammafunk_ghost_potion_laboratory
D:14:     layout_irregular_city, basic_altar, minmay_statue_crystal_thing,
          uniq_louise
D:15:     hangedman_depths_entry_civil_slaughter, layout_layer_cave,
          hangedman_decor_cross_pass
Lair:1:   layout_cave_shapes, fungi_pond_lemuel, roderic_batcave
Lair:2:   layout_chaotic_city, uniq_gastronok
Lair:3:   layout_chaotic_city, swamp_mist, minmay_snake_entry_guardpost_small
Lair:4:   layout_hall_layers, st_stairs_5, kennysheep_abandoned_house
Lair:5:   layout_gridlike, minmay_slime_entry_pillars
Lair:6:   grunt_lair_end_beastmaster, layout_loops_ring, serial_bayou_lagoon_a,
          eino_small_chamber_without_monster, lemuel_fruit_tree,
          minmay_lair_oklob_chamber
Swamp:1:  layout_basic_swamp, hangedman_swamp_pad
Swamp:2:  layout_basic_swamp, nicolae_swamp_very_dense_foliage
Swamp:3:  layout_falls_marsh, evilmike_swamp_ruin_house_3, swamp_pool5
Swamp:4:  swamp_icy, layout_basic_swamp
Orc:1:    giant_chief_lemuel, layout_diamond_mine, mines1_david
Orc:2:    grunt_orc_tribal_feast, layout_caves

Skill      XL: |  1  2  3  4  5  6  7  8  9 10 11 12 13 14 15 16 17 |
---------------+----------------------------------------------------+-----
Ice Magic      | 5 6 7 8 9 10 11 13 14 15 16 17 18 | 18.0
Fighting       | 3 5 6 8 9 10 | 10.4
Summonings     | 2 |  2.2
Spellcasting   | 4 6 7 8 9 10 11 | 11.2
Dodging        | 2 3 4 5 6 7 8 9 |  9.1
Conjurations   | 5 8 10 11 13 14 | 14.7
Shields        | 2 4 |  4.0
Short Blades   | 3 6 7 |  7.3
Stealth        | |  2.1

Action                   |  1- 3 |  4- 6 |  7- 9 | 10-12 | 13-15 | 16-18 || total
-------------------------+-------+-------+-------+-------+-------+-------++-------
Melee: Unarmed           |    16 |       |       |       |       |       ||    16
       Whip              |    37 |   122 |   162 |   158 |   494 |       ||   973
       Dagger            |       |       |    92 |   101 |       |       ||   193
       Cutlass           |       |       |       |       |   325 |   665 ||   990
       Staff             |       |       |       |       |       |     5 ||     5
Throw: Javelin           |       |       |       |     1 |       |       ||     1
 Cast: Freeze            |    37 |    38 |    16 |    20 |    41 |     5 ||   157
       Frozen Ramparts   |       |    11 |    35 |    52 |    56 |    11 ||   165
       Summon Ice Beast  |       |       |    10 |     9 |     6 |    12 ||    37
       Ozocubu's Refrige |       |       |       |    13 |   130 |   109 ||   252
       Sticky Flame      |       |       |       |       |    18 |     9 ||    27
       Hailstorm         |       |       |       |       |     3 |       ||     3
       Iskenderun's Batt |       |       |       |       |     2 |       ||     2
 Abil: Fly               |       |       |       |       |       |     1 ||     1
  Use: Scroll            |     3 |     3 |       |     8 |    18 |    11 ||    43
       Potion            |       |     1 |       |       |       |     1 ||     2
 Stab: Sleeping          |     1 |     4 |       |     2 |     9 |     1 ||    17
       Distracted        |       |       |     1 |       |     1 |       ||     2
  Eat: Chunk             |     3 |     7 |    12 |    20 |    67 |    36 ||   145
       Ration            |       |     1 |     3 |     2 |     3 |     3 ||    12
Armor: Robe              |    20 |    65 |   145 |   148 |   254 |   276 ||   908
Dodge: Dodged            |    59 |    96 |   193 |   224 |   638 |   521 ||  1731
Block: Buckler           |       |       |       |       |    65 |   118 ||   183
